 Dungeon Crawl Stone Soup version 0.29-a0-1023-g6ae1a4a2c7 (webtiles) character file.

Game seed: 528458658831291642

53 27heaven the Stinger (level 3, 0/21 HPs)
             Began as a Tengu Venom Mage on Aug 11, 2022.
             Was a Believer of Makhleb.
             Killed from afar by Natasha (8 damage)
             ... with a magic dart
             ... on level 2 of the Dungeon.
             The game lasted 00:03:57 (2831 turns).

27heaven the Stinger (Tengu Venom Mage)             Turns: 2831, Time: 00:03:57

Health: 0/21       AC:  3    Str:  8    XL:     3   Next: 89%
Magic:  5/8        EV: 13    Int: 17    God:    Makhleb [**....]
Gold:   75         SH:  0    Dex: 14    Spells: 6/7 levels left

rFire   . . .      SeeInvis .   (no weapon)
rCold   . . .      Faith    .   (no shield)
rNeg    . . .      Spirit   .   a - +0 robe
rPois   .          Reflect  .   (helmet restricted)
rElec   .          Harm     .   (no cloak)
rCorr   .          Rampage  .   d - +0 pair of gloves
Will    .....                   (boots unavailable)
Stlth   ++........              (no amulet)
HPRegen 0.07/turn               (no ring)
MPRegen 0.11/turn               (no ring)

@: very slightly contaminated
A: beak, talons 3
a: Renounce Religion, Minor Destruction


You were on level 2 of the Dungeon.
You worshipped Makhleb.
Makhleb was pleased with you.
You visited 1 branch of the dungeon, and saw 2 of its levels.

You collected 75 gold pieces.

Inventory:

Missiles
 h - 2 atropa-tipped darts
Armour
 a - a +0 robe (worn)
 d - a +0 pair of gloves (worn)
Scrolls
 f - a scroll of poison {unknown}
 i - a scroll of vulnerability {unknown}
 j - a scroll of blinking {unknown}
 k - a scroll of noise {unknown}
 l - 2 scrolls of identify {unknown}
Potions
 b - a potion of magic
 c - a potion of curing {unknown}
 e - 3 potions of degeneration {unknown}
 g - 2 potions of heal wounds {unknown}
 m - a potion of ambrosia {unknown}


   Skills:
 + Level 1.8 Fighting
 + Level 2.9 Dodging
 - Level 2.0 Stealth
 - Level 0.4 Unarmed Combat
 + Level 2.7 Spellcasting
 - Level 0.7 Transmutations
 - Level 3.0 Poison Magic


You had 6 spell levels left.
You knew the following spells:

 Your Spells              Type           Power      Damage    Failure   Level
a - Sting                 Tmut/Pois      32%        1d4       9%          1

Your spell library contained the following spells:

 Spells                   Type           Power      Damage    Failure   Level
 Poisonous Vapours        Pois/Air       14%        N/A       14%         2
 Mephitic Cloud           Conj/Pois/Air  5%         N/A       34%         3
 Olgreb's Toxic Radiance  Pois           12%        N/A       45%         4


Dungeon Overview and Level Annotations

Branches:
Dungeon (2/15)

Altars:
Makhleb

Shops:
D:1 !

Annotations:
D:2 Natasha


Innate Abilities, Weirdness & Mutations

You have a beak for a mouth.
You have claws for feet.


Message History

Makhleb accepts your kill.
You can now harness Makhleb's destructive might.
You feel better.
Unknown command.
Casting: Sting (safe; 9% risk of failure)
Confirm with . or Enter, or press ? or * to list all spells.
Okay, then.
Your magical contamination has completely faded away.
You now have 75 gold pieces (gained 8).
A frilled lizard comes into view.
A frilled lizard is nearby!
A frilled lizard is nearby!
A frilled lizard is nearby!
You can't see any susceptible monsters within range! (Use Z to cast anyway.)
The sting hits the frilled lizard.
The frilled lizard is poisoned.
You kill the frilled lizard!
Makhleb accepts your kill.
You can't see any susceptible monsters within range! (Use Z to cast anyway.)
You can't see any susceptible monsters within range! (Use Z to cast anyway.) Natasha, Servant of Life and Death comes into view.
She is carrying a wand of flame (10).
Natasha hisses angrily.
Natasha is nearby!
Natasha is nearby!
Natasha zaps a wand.
The puff of flame misses you.
You can't see any susceptible monsters within range! (Use Z to cast anyway.)
You miscast Sting.
You are very lightly contaminated with residual magic.
Nothing appears to happen.
The sting misses Natasha.
Natasha claws you.
The sting hits Natasha.
Natasha is poisoned.
Natasha is lightly wounded.
Natasha zaps a wand.
The puff of flame hits you!
Ouch! That really hurt!
You are too injured to fight recklessly!
You are too injured to fight recklessly!
You are too injured to fight recklessly!
Natasha attacks as you move away! Natasha claws you but does no damage.
Natasha casts a spell at you. The magic dart hits you!
You die...

##### # #######...#
######### #
......h.@.####.......####
##.######................
#.####.#####.....
#...........#.#.#
######..........#
#^####.#.#.# #.# #.#.##.
#.# #.#.### #####.##
#.#.# #


You could see Natasha (poisoned).

Vanquished Creatures
  A worm (D:2)
  6 endoplasms
  4 giant cockroaches
  4 goblins (D:1)
  7 hobgoblins
  4 jackals
  3 quokkas
  2 ball pythons
  5 bats
  3 frilled lizards
  2 kobolds (D:2)
  3 rats
44 creatures vanquished.

Vanquished Creatures (others)
  11 plants (D:1)
11 creatures vanquished.

Grand Total: 55 creatures vanquished

Notes
Turn   | Place    | Note
-------+----------+-------------------------------------------
     0 | D:1      | 27heaven the Tengu Venom Mage began the quest for the Orb.
     0 | D:1      | Reached XP level 1. HP: 10/10 MP: 4/4
   448 | D:1      | Reached XP level 2. HP: 16/16 MP: 1/6
   772 | D:1      | Found Otwihea's Distillery.
   880 | D:1      | Reached skill level 1 in Fighting
  1006 | D:1      | Found a faded altar of an unknown god.
  1052 | D:1      | Prayed at the altar of an unknown god.
  1052 | D:1      | Became a worshipper of Makhleb the Destroyer
  1052 | D:1      | Reached * piety under Makhleb
  1350 | D:1      | Reached XP level 3. HP: 20/20 MP: 4/7
  2741 | D:2      | Reached ** piety under Makhleb
  2825 | D:2      | Noticed Natasha
  2831 | D:2      | Killed from afar by Natasha

Illustrated notes

Levels and vault maps discovered:
D:1:      psy_arrival_radial02, layout_basic, serial_shops, nicolae_shop_stone,
          dilly_ecumenical_altar_fadedgnrine
D:2:      layout_loops_ring, hangedman_decor_growths,
          corexii_item_surrounded_by_moat, nrook_loot_triangle, uniq_natasha,
          uniq_jessica

Skill      XL: |  1  2 |
---------------+-------+-----
Fighting       | 1 |  1.8
Dodging        | |  2.9
Stealth        | |  2.0
Unarmed Combat | |  0.4
Spellcasting   | |  2.7
Transmutations | |  0.7
Poison Magic   | |  3.0

Action                   || total
-------------------------++-------
Melee: Unarmed           ||    19
       Kick              ||     4
       Peck              ||     4
 Cast: Sting             ||    97
 Stab: Sleeping          ||     2
Armor: Robe              ||    16
Dodge: Dodged            ||    29

Table legend: (Time is in decaauts)
 A = Elapsed time spent in this place.
 B = Non-inter-level travel time spent in this place.
 C = Inter-level travel time spent in this place.
 D = Time resting spent in this place.
 E = Time spent auto-exploring this place.
 F = Levels seen in this place.
 G = Mean time per level.
                   A        B        C        D        E       F      G
               +--------+--------+--------+--------+--------+-----+--------+
         Total |   2831 |   2831 |      0 |    197 |   2154 |   2 | 1415.5 |
       Dungeon |   2831 |   2831 |      0 |    197 |   2154 |   2 | 1415.5 |
               +--------+--------+--------+--------+--------+-----+--------+

Top non-repeatable levels by time:
     D:1: 1910 daAuts
     D:2: 921 daAuts
